 Dungeon Crawl Stone Soup version 0.13.1-28-g3517093 (console) character file.

661 Revolution the Ruffian (level 7, -9/68 HPs)
             Began as a Troll Monk on Mar 2, 2014.
             Mangled by an ogre
             ... wielding a +0,+0 giant spiked club
              (13 damage)
             ... on Level 5 of the Dungeon.
             The game lasted 00:08:04 (1046 turns).

Revolution the Ruffian (Troll Monk)                 Turns: 1046, Time: 00:08:04

HP  -9/68        AC  5     Str 20      XL: 7   Next: 17%
MP   2/2         EV 12     Int  6      God:
Gold 62          SH  0     Dex 14      Spells:  0 memorised,  6 levels left

Res.Fire  : . . .   See Invis. : .     - Unarmed
Res.Cold  : . . .   Warding    : .   q - +0 robe
Life Prot.: . . .   Conserve   : .   (shield restricted)
Res.Poison: .       Res.Corr.  : .   (helmet restricted)
Res.Elec. : .       Clarity    : .   (no cloak)
Sust.Abil.: . .     Spirit.Shd : .   (gloves unavailable)
Res.Mut.  : .       Stasis     : .   (boots unavailable)
Res.Rott. : .       Flight     : .   (no amulet)
Gourmand  : +                        (no ring)
                                     (no ring)

@: slightly resistant to hostile enchantments, unstealthy
A: unfitting armour, claws 3, fast metabolism 3, gourmand, regeneration 2,
saprovore 2, tough skin 2, AC +1
a: no special abilities


You were on level 5 of the Dungeon.
You were not hungry.

You visited 1 branch of the dungeon, and saw 6 of its levels.

You collected 62 gold pieces.

Inventory:

Hand weapons
 o - a +4,+2 quarterstaff of chaos
 r - the +4,+7 long sword of the End of Times {slice, rElec MR++}
   (You found it on level 4 of the Dungeon)

   It inflicts extra damage upon your enemies.
   It insulates you from electricity.
   It affects your resistance to hostile enchantments.
 s - a +0,+0 giant club
Armour
 p - a +0 cloak
 q - a +0 robe (worn)
Comestibles
 b - 4 meat rations
 l - 2 bread rations
Scrolls
 a - a scroll of teleportation {unknown}
 d - a scroll of blinking {unknown}
 e - a scroll of fear {unknown}
 h - 2 scrolls of recharging
 m - a scroll of enchant armour {unknown}
Potions
 c - a potion of agility
 i - a potion of might
 j - a potion of degeneration
 k - a potion of speed
 n - a potion of confusion


   Skills:
 * Level 4.8 Fighting
 * Level 4.6 Dodging
 - Level 1.1 Stealth
 + Level 5.1 Unarmed Combat


You had 6 spell levels left.
You didn't know any spells.

Dungeon Overview and Level Annotations

Branches:
Dungeon (6/27)
 Temple: D:4-7          Orc: D:6-11

Altars:

Annotations:
D:4 Grinder
D:5 Blork the orc


Innate Abilities, Weirdness & Mutations

You are too large for most types of armour.
You have claws for hands.
Your metabolism is lightning-fast.
You like to eat raw meat.
You heal very quickly.
You can eat rotten meat.
You are covered in fur (AC +1).
You have very tough skin (AC +2).


Message History

The ogre is heavily wounded.
The centaur barely misses you.
The ogre hits you with a giant spiked club!
* * * LOW HITPOINT WARNING * * *
Drink which item? (? for menu, Esc to quit)
Okay, then.
Unknown command.
Drink which item? (? for menu, Esc to quit)
Magic courses through your body.
It was a potion of magic.
The centaur closely misses you.
Drink which item? (? for menu, Esc to quit)
You feel better. The centaur completely misses you.
The ogre hits you with a giant spiked club!
* * * LOW HITPOINT WARNING * * *
The centaur barely misses you.
You barely miss the ogre.
The ogre is heavily wounded.
The centaur closely misses you.
The ogre hits you with a giant spiked club!
You die...

##.... .# ###..
##.). ...##... ##..
#....#... #(.
....... ### #..... #
#...## # #...O##
#..c@# #### #
##.z.#####..## ###
#.....#.....# ##..
##........>######...
#........##...#....
####...###...)....#
#...##........##
#..##....#...##
####.....######


You could see an ogre (bleeding), a centaur and a worker ant zombie.

Vanquished Creatures
  Prince Ribbit (D:5)
  A centaur (D:5)
  2 ogres
  A hound (D:5)
  A jelly (D:5)
  A crimson imp (D:5)
  Crazy Yiuf (D:4)
  An adder (D:4)
  A giant gecko (D:4)
  An orc (D:5)
  4 giant cockroaches
  3 hobgoblins
  3 kobolds
  2 ball pythons
  4 bats
  2 giant newts
  5 goblins
  3 rats
37 creatures vanquished.

Notes
Turn   | Place    | Note
--------------------------------------------------------------
     0 | D:1      | Revolution, the Troll Monk, began the quest for the Orb.
     0 | D:1      | Reached XP level 1. HP: 20/20 MP: 0/0
   234 | D:1      | Reached XP level 2. HP: 28/28 MP: 0/0
   463 | D:4      | Noticed an ogre
   485 | D:4      | Killed an ogre
   485 | D:4      | Reached XP level 3. HP: 10/36 MP: 1/1
   485 | D:4      | Reached XP level 4. HP: 12/44 MP: 1/1
   600 | D:4      | Noticed Crazy Yiuf
   608 | D:4      | Killed Crazy Yiuf
   608 | D:4      | Reached XP level 5. HP: 22/52 MP: 1/1
   645 | D:4      | Got a shimmering long sword
   659 | D:4      | Noticed Grinder
   668 | D:5      | Entered Level 5 of the Dungeon
   675 | D:5      | Identified the long sword of the End of Times {slice, rElec MR++} (You found it on level 4 of the Dungeon)
   740 | D:5      | Noticed a centaur
   748 | D:5      | Killed a centaur
   748 | D:5      | Reached XP level 6. HP: 19/61 MP: 2/2
   872 | D:5      | Noticed Blork the orc
   899 | D:5      | Noticed Prince Ribbit
   926 | D:5      | Killed Prince Ribbit
   926 | D:5      | Reached skill level 5 in Unarmed Combat
   972 | D:5      | Noticed an ogre
   978 | D:5      | Killed an ogre
   978 | D:5      | Reached XP level 7. HP: 42/68 MP: 2/2
  1035 | D:5      | Noticed a centaur
  1035 | D:5      | Noticed an ogre
  1046 | D:5      | Mangled by an ogre

Action                   |  1- 3 |  4- 6 |  7- 9 || total
-------------------------+-------+-------+-------++-------
Melee: Unarmed           |    55 |    55 |     8 ||   118
  Use: Scroll            |       |     6 |       ||     6
       Potion            |       |       |     2 ||     2
 Stab: Sleeping          |       |     1 |       ||     1
